 Dungeon Crawl Stone Soup version 0.30-a0-778-g2ef04afb54 (webtiles) character file.

Game seed: 1647628040716579165

84 Firecrotchwizard the Chopper (level 4, -6/41 HPs)
             Began as a Hill Orc Monk on Feb 17, 2023.
             Was a Believer of Beogh.
             Killed by divine providence
             ... invoked by an orc priest
              (14 damage)
             ... on level 3 of the Dungeon.
             The game lasted 00:02:56 (989 turns).

Firecrotchwizard the Chopper (Hill Orc Monk)         Turns: 989, Time: 00:02:58

Health: -6/41      AC:  7    Str: 15    XL:     4   Next: 46%
Magic:  4/4        EV: 10    Int: 10    God:    Beogh [**....]
Gold:   95         SH:  0    Dex: 13    Spells: 3/3 levels left

rFire   . . .      SeeInvis .    a - +0 hand axe
rCold   . . .      Faith    .    (no shield)
rNeg    . . .      Spirit   .    e - +0 scale mail
rPois   .          Reflect  .    (no helmet)
rElec   .          Harm     .    (no cloak)
rCorr   .          Rampage  .    (no gloves)
Will    .....                    d - +0 pair of boots Stlth
                                 (no amulet)
HPRegen 0.26/turn                (no ring)
MPRegen 0.09/turn                (no ring)

@: no status effects
A: no striking features
a: Renounce Religion, Smiting


You were on level 3 of the Dungeon.
You worshipped Beogh.
Beogh was pleased with you.
You visited 1 branch of the dungeon, and saw 4 of its levels.

You collected 95 gold pieces.

Inventory:

Hand Weapons
 a - a +0 hand axe (weapon)
Missiles
 j - 2 boomerangs
 s - 14 stones (quivered)
Armour
 b - a +0 robe
 d - a +0 pair of boots (worn)
   (You found it on level 2 of the Dungeon)
 e - a +0 scale mail (worn)
   (You found it on level 3 of the Dungeon)
Potions
 c - a potion of magic {unknown}
 f - a potion of haste {unknown}
 g - a potion of curing {unknown}
 h - a potion of might {unknown}
 i - 2 potions of mutation {unknown}
 G - a potion of ambrosia {!q}


   Skills:
 + Level 4.5 Fighting
 * Level 6.0 Axes
 - Level 2.4 Dodging
 - Level 1.5 Stealth


You had 3 spell levels left.
You didn't know any spells.
Your spell library was empty.

Dungeon Overview and Level Annotations

Branches:
Dungeon (4/15)
 Temple: D:4-7

Altars:
Kikubaaqudgha


Message History

The adder closely misses you.
You take 1 damage, and have 37/41 hp.
You miss the adder. The adder closely misses you.
You miss the adder. The adder barely misses you.
You barely miss the adder. The adder bites you but does no damage.
The adder barely misses you.
You hit the adder. The adder misses you.
You hit the adder but do no damage. The adder bites you.
You miss the adder. The adder misses you. The adder barely misses you.
You hit the adder but do no damage. The adder completely misses you.
You closely miss the adder. The adder barely misses you.
You barely miss the adder. The adder bites you. The adder closely misses you.
You hit the adder. The adder bites you.
You take 1 damage, and have 37/41 hp.
You closely miss the adder. The adder closely misses you.
You hit the adder but do no damage.
The adder bites you but does no damage. x2
You closely miss the adder. The adder bites you but does no damage.
You hit the adder.
You kill the adder!
Beogh accepts your kill.
Your Axes skill increases to level 6!
There is a stone staircase leading down here.
A bat comes into view.
Health restored: 41 The bat closely misses you.
You slash the bat!
You kill the bat!
Beogh accepts your kill.
You see here a bat corpse.
You see here an orb of energy.
A rat comes into view.
The rat barely misses you.
You closely miss the rat. The rat bites you but does no damage.
You hit the rat.
You kill the rat!
Beogh accepts your kill.
Done exploring.
(D) Dungeon
Where to? (? - help)
There is a stone staircase leading down here.
You climb downwards.
The ufetubus shouts!
The orc priest shouts!
The orc shouts! x2
The orc wizard shouts!
There is a stone staircase leading up here.
There are monsters nearby!
Search for what [? for help]? axe Unknown command.
You hit the orc priest but do no damage.
You hit the orc. The orc priest closely misses you. The orc closely misses you.
The orc hits you but does no damage.
You climb upwards.
There is a stone staircase leading down here.
You hit the orc priest but do no damage.
You closely miss the orc. The orc hits you with a +0 club.
The orc priest calls upon Beogh to heal the orc.
The orc's wounds heal themselves!
You take 4 damage, and have 37/41 hp.
You hit the orc priest. You hit the orc. The orc priest closely misses you.
The orc barely misses you.
You hit the orc priest but do no damage.
You hit the orc. The orc barely misses you.
The orc priest calls down the wrath of Beogh upon you.
Beogh smites you!
You take 11 damage, and have 27/41 hp.
MASSIVE DAMAGE!!
You hit the orc priest but do no damage.
You hit the orc but do no damage. The orc hits you but does no damage.
The orc priest closely misses you.
You hit the orc priest but do no damage.
You hit the orc.
You kill the orc!
Beogh accepts your kill.
The orc priest hits you but does no damage.
You hit the orc priest but do no damage.
The orc priest closely misses you.
You hit the orc priest.
The orc priest hits you but does no damage.
You slash the orc priest!
The orc priest hits you but does no damage.
You barely miss the orc priest.
The orc priest invokes the aid of Beogh against you.
Beogh smites you!
You take 7 damage, and have 21/41 hp.
You hit the orc priest but do no damage.
The orc priest misses you.
You hit the orc priest but do no damage.
The orc priest barely misses you.
You hit the orc priest but do no damage.
The orc priest calls down the wrath of Beogh upon you.
Beogh smites you!
* * * LOW HITPOINT WARNING * * *
You take 14 damage, and have 7/41 hp.
MASSIVE DAMAGE!!
You hit the orc priest but do no damage.
The orc priest hits you but does no damage.
You hit the orc priest.
The orc priest calls down the wrath of Beogh upon you.
Beogh smites you!
You die...
Beogh appreciates the orc priest's killing of a heretic priest.

##......................#..##
........................##..#
......#.......##.........##.#
..............####.......##.#
..........#...# #.<......#.##
..............# #......#....#
............#.#######.#.######
............#..).o......#######
............#.##@.....#.......#
............#.........#.......#
............###....>..####....#
############# ##......# #....#
#......# #....# #......# #....#
#......# ###### ########


You could see an orc priest.

Vanquished Creatures
  Jessica (D:3)
  2 adders
  A dart slug (D:1)
  3 orcs (D:3)
  2 ball pythons (D:2)
  3 endoplasms
  A giant cockroach (D:3)
  2 goblins
  4 hobgoblins
  3 quokkas
  3 bats
  2 frilled lizards
  4 kobolds
  4 rats
35 creatures vanquished.

Vanquished Creatures (others)
  A human (D:3)
  2 orcs (D:3)
  An endoplasm (D:3)
  A frilled lizard (D:3)
5 creatures vanquished.

Grand Total: 40 creatures vanquished

Notes
Turn   | Place    | Note
-------+----------+-------------------------------------------
     0 | D:1      | Firecrotchwizard the Hill Orc Monk began the quest for the
                  | Orb.
     0 | D:1      | Reached XP level 1. HP: 19/19 MP: 1/1
    79 | D:1      | Reached XP level 2. HP: 20/27 MP: 2/2
   365 | D:2      | Reached skill level 4 in Fighting
   407 | D:2      | Reached skill level 5 in Axes
   491 | D:3      | Reached XP level 3. HP: 33/33 MP: 3/3
   496 | D:3      | Became a worshipper of Beogh the Brigand
   496 | D:3      | Reached * piety under Beogh
   496 | D:3      | Reached ** piety under Beogh
   566 | D:3      | Noticed Jessica
   579 | D:3      | Killed Jessica
   580 | D:3      | Reached XP level 4. HP: 34/41 MP: 4/4
   720 | D:3      | Found an ancient bone altar of Kikubaaqudgha.
   720 | D:3      | Noticed a human
   735 | D:3      | Killed a human
   879 | D:3      | Reached skill level 6 in Axes
   987 | D:3      | HP: 7/41 [orc priest/divine providence (14)]
   989 | D:3      | Killed from afar by an orc priest

Illustrated notes

Levels and vault maps discovered:
D:1:      lemuel_arrival_lava_pool, layout_loops_ring, grunt_decor_junction,
          patterned_corridor
D:2:      layout_loops_ring, hellmonk_ecumenical_altar_lost_god,
          minmay_worlds_worst_comb
D:3:      layout_rooms, tgw_kikubaaqudgha, interstate_on_off, uniq_jessica
D:4:      layout_rooms, mainiacjoe_overflow_cross_hatched,
          mainiacjoe_overflow_surrounded_room

Skill      XL: |  1  2  3  4 |
---------------+-------------+-----
Fighting       | 4 |  4.5
Axes           | 5 6 |  6.0
Dodging        | |  2.4
Stealth        | |  1.5

Action                     |  1- 3 |  4- 6 || total
---------------------------+-------+-------++-------
  Melee: Hand axe          |    70 |    54 ||   124
 Invoke: Convert to Beogh  |     1 |       ||     1
   Stab: Sleeping          |     3 |       ||     3
 Armour: Robe              |     4 |       ||     4
         Scale mail        |    17 |    19 ||    36
  Dodge: Dodged            |    41 |    32 ||    73

Table legend: (Time is in decaauts)
 A = Elapsed time spent in this place.
 B = Non-inter-level travel time spent in this place.
 C = Inter-level travel time spent in this place.
 D = Time resting spent in this place.
 E = Time spent auto-exploring this place.
 F = Levels seen in this place.
 G = Mean time per level.
                   A        B        C        D        E       F      G
               +--------+--------+--------+--------+--------+-----+--------+
         Total |    993 |    987 |      6 |     39 |    628 |   4 |  248.2 |
       Dungeon |    993 |    987 |      6 |     39 |    628 |   4 |  248.2 |
               +--------+--------+--------+--------+--------+-----+--------+

Top non-repeatable levels by time:
     D:3: 513 daAuts
     D:1: 362 daAuts
     D:2: 114 daAuts
     D:4: 3 daAuts

Table legend:
 A = Kills in this place as a percentage of kills in entire the game.
 B = Kills by you in this place as a percentage of kills by you in the entire game.
 C = Kills by friends in this place as a percentage of kills by friends in the entire game.
 D = Other kills in this place as a percentage of other kills in the entire game.
 E = Experience gained in this place as a percentage of experience gained in the entire game.
 F = Experience gained in this place divided by the number of levels of this place that you have seen.
                   A       B       C       D       E      F
               +-------+-------+-------+-------+-------+----------------------
         Total | 100.0 | 100.0 |   N/A |   N/A | 100.0 |  30.2
       Dungeon | 100.0 | 100.0 |   N/A |   N/A | 100.0 |  30.2
               +-------+-------+-------+-------+-------+----------------------
